 Dungeon Crawl Stone Soup version 0.21.1-1-g345015fe64 (webtiles) character file.

821 BrokenGlass the Ruffian (level 7, -9/50 HPs)
             Began as an Octopode Fighter on Feb 18, 2018.
             Killed by divine providence
             ... invoked by an orc priest
              (14 damage)
             ... on level 5 of the Dungeon.
             The game lasted 00:05:35 (4710 turns).

BrokenGlass the Ruffian (Octopode Fighter)          Turns: 4710, Time: 00:05:36

Health: -9/50      AC:  1    Str: 17    XL:     7   Next: 95%
Magic:  7/7        EV: 14    Int: 11    God:
Gold:   269        SH:  0    Dex: 11    Spells: 6/6 levels left

rFire    . . .     SeeInvis .     - Unarmed
rCold    . . .     Gourm    .   (no shield)
rNeg     . . .     Faith    .   (helmet restricted)
rPois    .         Spirit   .   (no amulet)
rElec    .         Reflect  .   (no ring)
rCorr    .         Harm     .   (no ring)
MR       .....                  (no ring)
Stlth    ++........             (no ring)
HPRegen  0.16/turn              (no ring)
MPRegen  0.10/turn              (no ring)
                                (no ring)
                                (no ring)

@: no status effects
A: almost no armour, stealthy swim, amphibious, 8 rings, constrict 8, camouflage
1, gelatinous body 1
a: no special abilities


You were on level 5 of the Dungeon.
You were not hungry.

You visited 2 branches of the dungeon, and saw 6 of its levels.

You collected 269 gold pieces.

Inventory:

Hand Weapons
 o - a +0 hand crossbow
Armour
 a - a +0 shield
Magical Staves
 k - an uncursed staff of death
Jewellery
 p - a cursed -3 ring of protection {unknown}
Wands
 n - a wand of iceblast (8)
Scrolls
 d - a scroll of immolation {unknown}
 e - 4 scrolls of identify {unknown}
 g - 3 scrolls of remove curse {unknown}
 i - 3 scrolls of teleportation {unknown}
 m - 2 scrolls of enchant armour {unknown}
Potions
 b - a potion of might
 f - a potion of agility {unknown}
 h - a potion of mutation {unknown}
 j - a potion of haste {unknown}
 l - a potion of curing {unknown}
 q - a potion of cancellation {unknown}
Comestibles
 c - 6 rations


   Skills:
 + Level 5.4 Fighting
 - Level 3.0 Dodging
 - Level 3.0 Shields
 + Level 7.6 Unarmed Combat


You had 6 spell levels left.
You didn't know any spells.

Dungeon Overview and Level Annotations

Branches:
Dungeon (5/15)             Temple (1/1) D:4

Altars:
Ashenzari
Cheibriados
Dithmenos
Gozag
Kikubaaqudgha
Makhleb
Okawaru
Qazlal
Trog
Uskayaw
Xom
Yredelemnul
Zin
The Shining One


Innate Abilities, Weirdness & Mutations

You cannot wear most types of armour.
You are very stealthy in the water. (Stealth+)
You are amphibious.
You can wear up to eight rings at the same time.
You can use your tentacles to constrict eight enemies at once.
Your skin changes colour to match your surroundings (Stealth+).
Your rubbery body absorbs attacks. (AC +1, EV +1)


Message History

The hound bites you but does no damage. The orc priest misses you.
The orc hits you with a club. The orc hits you.
Unknown command.
Unknown command.
You barely miss the orc priest. Your grab misses the orc priest.
The hound bites you.
* * * LOW HITPOINT WARNING * * *
The orc priest hits you.
* * * LOW HITPOINT WARNING * * *
The hound bites you.
* * * LOW HITPOINT WARNING * * *
The orc closely misses you. The orc barely misses you.
You tentacle-slap the orc priest. You grab the orc priest.
You tentacle-slap the orc priest.
The orc priest is lightly wounded.
You constrict the orc priest. The hound bites you.
* * * LOW HITPOINT WARNING * * *
The orc priest mumbles some strange prayers to Beogh against you.
Beogh smites you!
You die...

..............
..<.....................
........................
........................
........................
........................
..........?.............
.................o......
................@o....Y.
)...........[...ho......
.....................Z..
(....)..)...............
........................
........................
........................
..<.%...................
....................


You could see an ice beast, a hound, an orc priest, 2 orcs and a quokka
skeleton.

Vanquished Creatures
  A sky beast (D:5)
  A phantom (D:4)
  A centaur (D:3)
  A bullfrog (D:5)
  A jelly (D:5)
  An orc priest (D:3)
  A hound (D:4)
  5 orc wizards
  2 centaur skeletons (D:5)
  An iguana (D:5)
  A worker ant (D:4)
  4 gnolls
  An adder (D:3)
  An adder skeleton (D:5)
  2 worms
  2 dart slugs
  4 leopard geckos
  18 orcs
  10 bats
  5 giant cockroaches
  3 goblins
  6 hobgoblins
  7 jackals
  3 quokkas
  2 ball pythons
  4 frilled lizards
  7 kobolds
  A quokka skeleton (D:4)
  11 rats
107 creatures vanquished.

Notes
Turn   | Place    | Note
-------+----------+-------------------------------------------
     0 | D:1      | BrokenGlass the Octopode Fighter began the quest for the Orb.
     0 | D:1      | Reached XP level 1. HP: 16/16 MP: 1/1
   135 | D:1      | Reached XP level 2. HP: 19/21 MP: 2/2
   214 | D:1      | Reached skill level 3 in Unarmed Combat
   702 | D:2      | Found a snail-covered altar of Cheibriados.
   709 | D:1      | Reached XP level 3. HP: 25/26 MP: 3/3
  1322 | D:3      | Reached skill level 4 in Unarmed Combat
  1536 | D:3      | Reached XP level 4. HP: 14/31 MP: 4/4
  2036 | D:3      | Reached skill level 5 in Unarmed Combat
  2036 | D:3      | Reached XP level 5. HP: 3/36 MP: 5/5
  2505 | D:3      | Found an iron altar of Okawaru.
  2589 | D:3      | Noticed a centaur
  2602 | D:3      | Killed a centaur
  2602 | D:3      | Reached skill level 6 in Unarmed Combat
  2946 | D:3      | Reached XP level 6. HP: 41/42 MP: 6/6
  3352 | D:4      | HP: 2/42 [orc wizard/dagger (1)]
  3489 | D:4      | Noticed a phantom
  3762 | D:4      | Found a bloodstained altar of Trog.
  3874 | D:4      | Found a staircase to the Ecumenical Temple.
  3891 | Temple   | Entered the Ecumenical Temple
  3955 | D:4      | Killed a phantom
  3955 | D:4      | Reached XP level 7. HP: 39/48 MP: 7/7
  4077 | D:5      | Entered Level 5 of the Dungeon
  4159 | D:5      | Found a shimmering altar of Xom.
  4170 | D:5      | Reached skill level 7 in Unarmed Combat
  4400 | D:5      | Reached skill level 5 in Fighting
  4710 | D:5      | Killed from afar by an orc priest

Skill      XL: |  1  2  3  4  5  6  7 |
---------------+----------------------+-----
Unarmed Combat | 3 4 5 6 7 |  7.6
Fighting       | 4 5 |  5.4
Dodging        | |  3.0
Shields        | |  3.0

Action                   |  1- 3 |  4- 6 |  7- 9 || total
-------------------------+-------+-------+-------++-------
Melee: Unarmed           |    71 |   133 |    55 ||   259
       Constrict         |    22 |    36 |     9 ||    67
       Tentacles         |    18 |    23 |     5 ||    46
       Punch             |     2 |     9 |     5 ||    16
Evoke: Wand              |       |     1 |       ||     1
  Use: Potion            |       |     1 |       ||     1
 Stab: Sleeping          |     7 |     4 |       ||    11
  Eat: Chunk             |     1 |     8 |     3 ||    12
Armor: Skin              |     5 |    16 |     1 ||    22
Dodge: Dodged            |    40 |    92 |    35 ||   167
